 Dungeon Crawl Stone Soup version 0.29.0-15-g675c0067aa (webtiles) character file.

Game seed: 15297335834033765447

9 ikaterino the Grave Robber (level 2, 0/19 HPs)
             Began as a Demonspawn Necromancer on Sept 12, 2022.
             Slain by a kobold
             ... wielding a +0 whip
              (3 damage)
             ... on level 1 of the Dungeon.
             The game lasted 00:05:32 (246 turns).

ikaterino the Grave Robber (Demonspawn Necromancer)  Turns: 246, Time: 00:05:33

Health: 0/19       AC:  2    Str:  8    XL:     2   Next: 6%
Magic:  2/5        EV: 14    Int: 16    God:
Gold:   0          SH:  0    Dex: 13    Spells: 4/5 levels left

rFire   . . .      SeeInvis .   (no weapon)
rCold   . . .      Faith    .   (no shield)
rNeg    . . .      Spirit   .   a - +0 robe
rPois   .          Reflect  .   (no helmet)
rElec   .          Harm     .   (no cloak)
rCorr   .          Rampage  .   (no gloves)
Will    .....                   (no boots)
Stlth   ++........              (no amulet)
HPRegen 0.06/turn               (no ring)
MPRegen 0.09/turn               (no ring)

@: no status effects
A: repulsion field 1
a: no special abilities


You were on level 1 of the Dungeon.
You visited 1 branch of the dungeon, and saw 1 of its levels.

Inventory:

Missiles
 c - 2 stones
Armour
 a - a +0 robe (worn)
Potions
 b - a potion of magic
 d - a potion of brilliance {unknown}


   Skills:
 + Level 1.8 Dodging
 + Level 1.8 Stealth
 + Level 2.1 Spellcasting
 + Level 4.7 Necromancy


You had 4 spell levels left.
You knew the following spells:

 Your Spells              Type           Power      Damage    Failure   Level
a - Necrotise             Necr           68%        1d7       2%          1

Your spell library contained the following spells:

 Spells                   Type           Power      Damage    Failure   Level
 Vampiric Draining        Necr           17%        2d7       9%          3
 Animate Dead             Necr           17%        N/A       28%         4
 Agony                    Necr           17%        N/A       61%         5


Dungeon Overview and Level Annotations

Branches:
Dungeon (1/15)

Altars:


Innate Abilities, Weirdness & Mutations

You are surrounded by a mild repulsion field. (EV +2)


Message History

The giant cockroach closely misses you.
Aiming: Necrotise (safe; 3% risk of failure)
Press: ? - help, Q - select action, (/) - cycle Shift-Dir - straight line, f/p - giant cockroach
Aim: a giant cockroach (severely wounded, chance to affect: 86%)
The giant cockroach writhes in agony.
The giant cockroach bites you but does no damage.
The giant cockroach bites you. The rat barely misses you.
The giant cockroach misses you. The endoplasm attacks as you move away!
The endoplasm hits you.
The giant cockroach attacks as you move away!
The giant cockroach bites you. The rat misses you.
The endoplasm attacks as you move away! The endoplasm closely misses you.
The rat attacks as you move away! The rat bites you but does no damage.
The endoplasm attacks as you move away! The endoplasm closely misses you.
The rat attacks as you move away! The rat closely misses you.
The endoplasm attacks as you move away! The endoplasm misses you.
The giant cockroach closely misses you.
The rat twitches its whiskers.
The giant cockroach attacks as you move away!
The giant cockroach barely misses you. The giant cockroach misses you.
The endoplasm hits you. The endoplasm closely misses you.
The endoplasm attacks as you move away! The endoplasm misses you.
The giant cockroach misses you.
Aiming: Necrotise (safe; 3% risk of failure)
Press: ? - help, Q - select action, (/) - cycle Shift-Dir - straight line, f/p - giant cockroach
Aim: a giant cockroach (almost dead, chance to affect: 86%)
The giant cockroach writhes in agony.
You kill the giant cockroach!
The kobold attacks as you move away! The kobold barely misses you.
The kobold attacks as you move away! The kobold completely misses you.
The kobold attacks as you move away! The kobold misses you.
The kobold attacks as you move away! The kobold barely misses you.
The kobold hits you with a +0 whip.
* * * LOW HITPOINT WARNING * * *
The kobold hits you with a +0 whip.
* * * LOW HITPOINT WARNING * * *
The endoplasm misses you.
You hit the endoplasm but do no damage. The kobold hits you with a +0 whip.
You die...

##############
#######............#
##..@J...####..####.#
#...Kr.....†........#
####≈≈≈≈≈≈≈##.......# .#
# #≈≈≈≈≈≈≈≈≈≈#..#.#..#
.#. #≈≈≈≈≈.≈≈≈≈#.......#
#.. #≈≈≈...~≈≈≈#...##..#
##.###≈....≈≈~≈≈#.......#
#...##≈.........#......##
#....#≈≈≈..<...(###.####


You could see an endoplasm, a kobold and a rat.

Vanquished Creatures
  A dart slug (D:1)
  A ball python (D:1)
  A bat (D:1)
  A giant cockroach (D:1)
  A goblin (D:1)
  A rat (D:1)
6 creatures vanquished.

Vanquished Creatures (collateral kills)
  A frilled lizard (D:1)
1 creature vanquished.

Grand Total: 7 creatures vanquished

Notes
Turn   | Place    | Note
-------+----------+-------------------------------------------
     0 | D:1      | ikaterino the Demonspawn Necromancer began the quest for
                  | the Orb.
     0 | D:1      | Reached XP level 1. HP: 13/13 MP: 3/3
   195 | D:1      | Gained mutation: You are surrounded by a mild repulsion
                  | field. (EV +2) [demonic ancestry]
   195 | D:1      | Reached XP level 2. HP: 14/19 MP: 1/5
   246 | D:1      | Slain by a kobold

Illustrated notes

Levels and vault maps discovered:
D:1:      dpeg_arrival_pond, layout_loops_cross

Action                   || total
-------------------------++-------
Melee: Unarmed           ||     8
 Cast: Necrotise         ||    17
Armor: Robe              ||     8
Dodge: Dodged            ||    35
